 Dungeon Crawl Stone Soup version 0.19.1 (webtiles) character file.

44 Aksej the Slasher (level 3, -1/27 HPs)
             Began as a Demonspawn Gladiator on Nov 27, 2016.
             Slain by a goblin
             ... wielding a +0 club
             ... led by Robin
              (9 damage)
             ... on level 2 of the Dungeon.
             The game lasted 00:03:50 (1240 turns).

Aksej the Slasher (Demonspawn Gladiator)            Turns: 1240, Time: 00:03:51

Health: -1/27      AC:  4    Str: 14 (15) XL:     3   Next: 41%
Magic:  2/2        EV: 12    Int:  6 (9)  God:
Gold:   28         SH:  0    Dex: 13 (16) Spells: 0 memorised, 2 levels left

rFire  . . .     SeeInvis .     a - +0 long sword
rCold  . . .     Gourm    .     b - +0 leather armour
rNeg   . . .     Faith    .     (no shield)
rPois  .         Spirit   .     c - +0 helmet
rElec  .         Reflect  .     (no cloak)
rCorr  .         Harm     .     (no gloves)
MR     .....                    (no boots)
Stlth  ++........               (no amulet)
                                (no ring)
                                (no ring)

@: no status effects
A: talons 1, agile 1, low mp 1, nightstalker 1, MP-powered wands
a: no special abilities


You were on level 2 of the Dungeon.
You were not hungry.

You visited 1 branch of the dungeon, and saw 2 of its levels.

You collected 28 gold pieces.

Inventory:

Hand Weapons
 a - a +0 long sword (weapon)
Missiles
 d - 4 throwing nets (quivered)
Armour
 b - a +0 leather armour (worn)
 c - a +0 helmet (worn)
Scrolls
 e - a scroll of enchant armour {unknown}
 h - a scroll of recharging {unknown}
 m - 2 scrolls of magic mapping
Comestibles
 f - 2 bread rations
 g - 6 chunks of flesh
 i - a beef jerky
 k - a meat ration
 p - 5 fruits


   Skills:
 + Level 2.2 Fighting
 * Level 3.6 Long Blades
 + Level 1.9 Throwing
 + Level 0.1 Armour
 + Level 3.0 Dodging


You had 2 spell levels left.
You didn't know any spells.

Dungeon Overview and Level Annotations

Branches:
Dungeon (2/15)

Altars:

Annotations:
D:2 Robin


Innate Abilities, Weirdness & Mutations

You have sharp toenails.
You are slightly more attuned to the shadows.
You are agile. (Dex +2)
Your magical capacity is low. (-10% MP)
You expend magic power (3 MP) to strengthen your wands.


Message History

Robin is lightly wounded.
The goblin hits you but does no damage. The goblin barely misses you.
The goblin hits you with a club.
You aren't carrying any potions.
You hit Robin. You claw Robin, but do no damage.
Robin is moderately wounded.
The goblin barely misses you.
You riposte.
You barely miss the goblin. The goblin barely misses you.
The goblin hits you with a club. The goblin closely misses you.
You hit Robin but do no damage.
Robin is moderately wounded.
Robin barely misses you. The goblin hits you with a club.
The goblin closely misses you. The goblin hits you with a dagger.
* * * LOW HITPOINT WARNING * * *
Robin closely misses you.
You riposte.
You hit Robin.
Robin is heavily wounded.
You barely miss Robin. You claw Robin, but do no damage.
Robin is heavily wounded.
The goblin hits you with a club!
You die...

## #.......#####.##.#
#........#.....#.#
#........+.....#.#
...........#.....#.#
#..........#.....'.#
....######..#.....###
#.## #...###'##
#...#.# #g# #...#..
#@# #.......gggKg...
..##..#..#ggg.... #.
#..#...gg.....
...........##
..###......# ..
.......#


You could see Robin, 2 hobgoblins, 7 goblins and a kobold.

Vanquished Creatures
  A dart slug (D:1)
  7 goblins
  7 hobgoblins
  9 kobolds
  2 quokkas (D:1)
  A ball python (D:1)
  5 bats
  8 rats (D:1)
40 creatures vanquished.

Notes
Turn   | Place    | Note
-------+----------+-------------------------------------------
     0 | D:1      | Aksej the Demonspawn Gladiator began the quest for the Orb.
     0 | D:1      | Reached XP level 1. HP: 16/16 MP: 1/1
   383 | D:1      | Gained mutation: You are slightly more attuned to the shadows. [demonic ancestry]
   383 | D:1      | Reached XP level 2. HP: 21/22 MP: 2/2
   816 | D:1      | Gained mutation: You have sharp toenails. [demonic ancestry]
   816 | D:1      | Reached XP level 3. HP: 27/27 MP: 3/3
  1118 | D:1      | Gained mutation: Your magical capacity is low. (-10% MP) [potion of mutation]
  1118 | D:1      | Gained mutation: You are agile. (Dex +2) [potion of mutation]
  1118 | D:1      | Gained mutation: You expend magic power (3 MP) to strengthen your wands. [potion of mutation]
  1172 | D:2      | Found a faded altar of an unknown god.
  1227 | D:2      | Noticed Robin
  1240 | D:2      | Slain by a goblin

Skill      XL: |  1  2 |
---------------+-------+-----
Long Blades    | 3 |  3.6
Dodging        | 3 |  3.0
Fighting       | |  2.2
Throwing       | |  1.9
Armour         | |  0.1

Action                   || total
-------------------------++-------
Melee: Long sword        ||   107
       Kick              ||    14
  Use: Potion            ||     4
       Scroll            ||     3
 Stab: Sleeping          ||     5
  Eat: Chunk             ||     1
Armor: Leather armour    ||    28
Dodge: Dodged            ||    76
       Rpst.: Long sword ||    28
